 Dungeon Crawl Stone Soup version 0.22-a0-348-gd16d139 (webtiles) character file.

69 vishdafish the Charmwright (level 4, 34/34 HPs)
             Began as a Demonspawn Skald on Apr 11, 2018.
             Quit the game on level 2 of the Dungeon.
             The game lasted 00:02:34 (1109 turns).

vishdafish the Charmwright (Demonspawn Skald)       Turns: 1109, Time: 00:02:35

Health: 34/34      AC:  5    Str: 11    XL:     4   Next: 2%
Magic:  7/7        EV: 12    Int: 16    God:
Gold:   44         SH:  0    Dex: 12    Spells: 6/7 levels left

rFire    . . .     SeeInvis .   e - +2 spear (venom)
rCold    . . .     Gourm    .   (no shield)
rNeg     . . .     Faith    .   b - +0 leather armour
rPois    .         Spirit   .   (no helmet)
rElec    .         Reflect  .   (no cloak)
rCorr    .         Harm     .   (no gloves)
MR       .....                  j - +1 pair of boots {Stlth+}
Stlth    +++.......             (no amulet)
HPRegen  0.11/turn              (no ring)
MPRegen  0.10/turn              (no ring)

@: no status effects
A: talons 1, nightstalker 1
a: no special abilities


You were on level 2 of the Dungeon.
You were hungry.

You visited 1 branch of the dungeon, and saw 2 of its levels.

You collected 44 gold pieces.

Inventory:

Hand Weapons
 a - a +0 spear
 e - a +2 spear of venom (weapon)
Armour
 b - a +0 leather armour (worn)
 j - a +1 pair of boots of stealth (worn)
Wands
 m - a wand of digging (15)
Scrolls
 f - a scroll of fear {unknown}
 g - a scroll of immolation {unknown}
 h - a scroll of remove curse {unknown}
 n - a scroll of fog {unknown}
 o - a scroll of blinking {unknown}
 p - a scroll of magic mapping {unknown}
Potions
 c - a potion of curing {unknown}
 i - 3 potions of brilliance {unknown}
 k - a potion of haste
 l - a potion of flight {unknown}
 q - a potion of invisibility {unknown}
 r - a potion of degeneration {unknown}
Comestibles
 d - a ration


   Skills:
 + Level 2.5 Fighting
 + Level 2.3 Polearms
 - Level 1.3 Armour
 + Level 2.2 Dodging
 + Level 2.4 Spellcasting
 - Level 3.0 Charms


You had 6 spell levels left.
You knew the following spells:

 Your Spells              Type           Power        Failure   Level  Hunger
a - Infusion              Chrm           ##..         8%          1    #......


Dungeon Overview and Level Annotations

Branches:
Dungeon (2/15)

Altars:


Innate Abilities, Weirdness & Mutations

You have sharp toenails.
You are slightly more attuned to the shadows.


Message History

The hobgoblin hits you but does no damage.
You hit the hobgoblin.
You kill the hobgoblin!
No target in view!
No target in view!
No target in view!
No target in view!
No target in view!
No target in view!
No target in view!
No target in view!
No target in view!
No target in view!
No target in view!
No target in view!
No target in view!
No target in view!
No target in view!
r - a glowing puce potion Are you sure you want to abandon this character and quit the game? (Confirm with "yes".)

#.####.# #... #.# #.#
##.# #.# #.# #.# #. #.#
##.# #. #.# ##.#. #.#
####.### #.####...## #
#######......##.###
#)@..............#.
......###############.#
###### ###


There were no monsters in sight!

Vanquished Creatures
  Jessica (D:2)
  A dart slug (D:1)
  A leopard gecko (D:1)
  3 ball pythons
  2 giant cockroaches (D:1)
  6 hobgoblins
  3 kobolds (D:1)
  7 bats
  6 frilled lizards
  4 goblins
  7 rats
41 creatures vanquished.

Notes
Turn   | Place    | Note
-------+----------+-------------------------------------------
     0 | D:1      | vishdafish the Demonspawn Skald began the quest for the Orb.
     0 | D:1      | Reached XP level 1. HP: 16/16 MP: 3/3
    90 | D:1      | Reached skill level 1 in Armour
   111 | D:1      | Gained mutation: You are slightly more attuned to the shadows. [demonic ancestry]
   111 | D:1      | Reached XP level 2. HP: 4/22 MP: 5/5
   621 | D:1      | Reached XP level 3. HP: 28/28 MP: 6/6
   686 | D:2      | Reached skill level 3 in Charms
   798 | D:2      | Noticed Jessica
   805 | D:2      | Killed Jessica
  1068 | D:2      | Gained mutation: You have sharp toenails. [demonic ancestry]
  1068 | D:2      | Reached XP level 4. HP: 34/34 MP: 7/7
  1109 | D:2      | Quit the game

Vault maps used:
D:1:      wheals_arrival_linesprint
D:2:      uniq_jessica

Skill      XL: |  1  2  3 |
---------------+----------+-----
Armour         | 1 |  1.3
Polearms       | 2 |  2.3
Dodging        | 2 |  2.2
Charms         | 3 |  3.0
Fighting       | |  2.5
Spellcasting   | |  2.4

Action                   |  1- 3 |  4- 6 || total
-------------------------+-------+-------++-------
Melee: Spear             |    96 |     2 ||    98
 Stab: Sleeping          |     9 |       ||     9
Armor: Leather armour    |    17 |       ||    17
Dodge: Dodged            |    41 |       ||    41

Table legend:
 A = Spawn XP
 B = Non-spawn XP
 C = Spawn XP percentage of total XP
 D = Spawn monster count
 E = Non-spawn monster count
 F = Spawn count percentage of total count
 G = Total turns spent on level
                    A         B        C        D         E        F      G
               +---------+---------+-------+---------+---------+-------+---------
         Total |       0 |      99 |   0.0 |       0 |      41 |   0.0 |  1109
               +---------+---------+-------+---------+---------+-------+---------
           D:1 |       0 |      47 |   0.0 |       0 |      30 |   0.0 |   661
           D:2 |       0 |      52 |   0.0 |       0 |      11 |   0.0 |   448
               +---------+---------+-------+---------+---------+-------+---------
